 Dungeon Crawl Stone Soup version 0.28-a0-175-gb2089b6bb7 (webtiles) character file.

Game seed: 12506352112819052567

3957 Gunterle the Spear-Bearer (level 9, 0/80 HPs)
             Began as a Demigod Fighter on Aug 17, 2021.
             Slain by a sun demon (19 damage)
             ... summoned by an orc high priest
             ... on level 1 of the Orcish Mines.
             The game lasted 00:29:23 (10010 turns).

Gunterle the Spear-Bearer (Demigod Fighter)        Turns: 10010, Time: 00:29:24

Health: 0/80       AC: 10    Str: 29    XL:     9   Next: 71%
Magic:  20/20      EV:  8    Int: 10    God:
Gold:   650        SH:  8    Dex: 13    Spells: 8/8 levels left

rFire   . . .      SeeInvis .   a - +3 trident (freeze)
rCold   . . .      Faith    .   c - +0 kite shield
rNeg    . . .      Spirit   .   b - +0 scale mail
rPois   .          Reflect  .   u - +1 helmet
rElec   .          Harm     .   (no cloak)
rCorr   .          Rampage  .   D - +0 pair of gloves
Will    .....                   (no boots)
Stlth   ..........              (no amulet)
HPRegen 0.23/turn               j - ring of magical power
MPRegen 0.17/turn               (no ring)

@: no status effects
A: high mp 1, forlorn
a: no special abilities


You were on level 1 of the Orcish Mines.
You visited 3 branches of the dungeon, and saw 11 of its levels.

You collected 737 gold pieces.
You spent 87 gold pieces at shops.

Inventory:

Hand Weapons
 a - a +3 trident of freezing (weapon)
 m - a +0 halberd
Missiles
 e - 45 poisoned darts (quivered)
 i - 6 boomerangs of dispersal
 n - 285 stones
 w - 10 javelins
 F - a curare-tipped dart
 H - 4 silver javelins
Armour
 b - a +0 scale mail (worn)
 c - a +0 kite shield (worn)
 g - a +2 robe of positive energy
 l - a +0 helmet
 u - a +1 helmet (worn)
 D - a +0 pair of gloves (worn)
 K - a +1 leather armour of willpower
Magical Staves
 y - a staff of conjuration
Jewellery
 j - a ring of magical power (left hand)
 A - a ring of fire
 I - a ring of flight
Wands
 L - a wand of digging (4)
Scrolls
 f - 2 scrolls of enchant weapon
 h - a scroll of summoning {unknown}
 k - a scroll of enchant armour {unknown}
 q - a scroll of torment
 s - 3 scrolls of teleportation
 x - a scroll of brand weapon {unknown}
 B - a scroll of magic mapping
 J - a scroll of fog {unknown}
Potions
 d - 3 potions of might
 o - 4 potions of curing
 p - a potion of haste
 r - a potion of degeneration
 v - a potion of invisibility
 z - 2 potions of heal wounds
 C - 2 potions of flight
 E - a potion of mutation {unknown}
 G - 2 potions of attraction {unknown}
 M - a potion of brilliance {unknown}
 O - a potion of resistance {unknown}
Miscellaneous
 N - a box of beasts (inert)


   Skills:
 + Level 7.7 Fighting
 * Level 12.8 Polearms
 + Level 5.1 Armour
 + Level 0.9 Dodging
 + Level 2.9 Shields


You had 8 spell levels left.
You didn't know any spells.
Your spell library contained the following spells:

 Spells                   Type           Power      Damage    Failure   Level
 Freeze                   Ice            0%         1d3       98%         1
 Slow                     Hex            0%         N/A       99%         2
 Confusing Touch          Hex            0%         N/A       100%        3
 Frozen Ramparts          Ice            0%         1d2       100%        3
 Hailstorm                Conj/Ice       0%         3d3       100%        4
 Yara's Violent Unravell  Hex/Tmut       0%         3d3       100%        5


Dungeon Overview and Level Annotations

Branches:
Dungeon (9/15)             Temple (1/1) D:5             Orc (1/2) D:9
   Lair: D:8-11

Shops:
D:2 :   Orc:1 ![*

Annotations:
D:2 Sigmund
D:7 2 transporters
Orc:1 1 transporter, Lidduohi's ghost, journeyman TrBe


Innate Abilities, Weirdness & Mutations

Your attributes grow dramatically as you level up.
You have an increased reservoir of magic. (+10% MP)
You shall have no god before yourself.


Message History

The orc sorcerer is severely wounded.
The orc high priest utters an invocation to Beogh.
Your juvenile firesting beast breathes flames at the orc high priest.
The blast of flame hits the orc high priest!!
The blast of flame misses the orc warrior.
An orc warrior opens the door.
The orc sorcerer hits you with a +0 dagger.
Found Hubloykk's Distillery.
An orc comes into view.
It is wielding a +1 short sword of venom.
You barely miss the orc sorcerer.
The orc sorcerer is severely wounded.
An orc comes into view. It is wielding a +0 hand axe.
The orc high priest prays to Beogh.
Send 'em back where they came from!
Your juvenile firesting beast shudders.
Your juvenile firesting beast hits the sun demon!
Your juvenile firesting beast stings the sun demon.
You block the sun demon's attack.
You closely miss the orc sorcerer.
The orc sorcerer is severely wounded.
The orc high priest hits your juvenile firesting beast but does no damage.
Your juvenile firesting beast closely misses the orc high priest.
Your juvenile firesting beast barely misses the orc high priest.
The sun demon hits you.
You are engulfed in flames!!
Unknown command.
You puncture the orc sorcerer! You freeze the orc sorcerer.
The orc sorcerer is almost dead.
The neqoxec gestures at you.
Something tries to feed on your intellect!
The orc sorcerer hits you but does no damage.
The orc high priest hits your juvenile firesting beast with a +0 dire flail.
Your juvenile firesting beast hits the orc high priest.
Your juvenile firesting beast barely misses the orc high priest.
The orc warrior hits you from afar with a +0 trident of freezing!
The orc warrior freezes you. The sun demon barely misses you.
The orc high priest hits your juvenile firesting beast with a +0 dire flail!
The sun demon hits you!!
* * * LOW HITPOINT WARNING * * *
You are engulfed in flames!!
You die...

.####.......#...#.....
.......##......###....
.....##.......#####..
#......#......##.....
#^.................
##.......#........#
#.......#.......##
##..............##
###.@.............#OO
#..o3H##......#.#.#OO
#...##o###..#####.#W#
##.3o.oo##.... ..#(#
##....o....... .©#!.
##.#'#...##.....#O.
.+∩'...# ....©#?. .#
#..#. .# .#.


You could see an orc high priest (ally target), a sun demon (summoned), a
neqoxec (summoned), an orc sorcerer, 2 orc wizards, an orc and a friendly
juvenile firesting beast (summoned).

Vanquished Creatures
  A shadow (D:6)
  A wyvern (D:7)
  A steam dragon (D:9)
  3 water moccasins
  An ice beast (D:7)
  4 orc warriors
  A hornet zombie (D:7)
  A necrophage (D:4)
  A black bear (D:6)
  5 ogres
  A centaur (D:5)
  A phantom (D:6)
  A kobold brigand (D:6)
  5 bullfrogs
  2 scorpions
  2 wyvern zombies
  13 killer bees
  A howler monkey (D:7)
  A centaur zombie (D:7)
  5 hounds
  An orc priest (D:7)
  A jelly (D:4)
  A centaur skeleton (D:6)
  2 iguanas
  5 orc wizards
  A killer bee zombie (D:7)
  A hound skeleton (D:4)
  A howler monkey zombie (D:5)
  4 gnolls
  4 adders
  2 shadow imps (D:6)
  2 worms
  A dart slug (D:1)
  30 orcs
  7 ball pythons
  5 endoplasms
  7 giant cockroaches
  7 hobgoblins
  3 quokkas
  2 bats
  2 frilled lizards
  6 goblins
  3 kobolds
  8 rats
157 creatures vanquished.

Vanquished Creatures (others)
  4 toadstools (D:1)
4 creatures vanquished.

Grand Total: 161 creatures vanquished

Notes
Turn   | Place    | Note
-------+----------+-------------------------------------------
     0 | D:1      | Gunterle the Demigod Fighter began the quest for the Orb.
     0 | D:1      | Reached XP level 1. HP: 18/18 MP: 3/3
    93 | D:1      | Reached skill level 2 in Polearms
   599 | D:1      | Reached XP level 2. HP: 20/25 MP: 4/4
  1193 | D:2      | Noticed Sigmund
  1358 | D:2      | Found Qeubey's Book Boutique.
  1402 | D:2      | Reached XP level 3. HP: 31/31 MP: 5/5
  1570 | D:3      | Reached skill level 3 in Polearms
  2481 | D:4      | Identified a scroll of acquirement
  2483 | D:4      | Acquired a manual of Polearms
  2606 | D:4      | Reached XP level 4. HP: 37/38 MP: 6/6
  2637 | D:4      | Reached skill level 4 in Polearms
  2993 | D:4      | Reached skill level 5 in Polearms
  2993 | D:4      | Reached XP level 5. HP: 42/46 MP: 7/7
  3082 | D:4      | Noticed a necrophage
  3090 | D:4      | Killed a necrophage
  3091 | D:4      | Reached skill level 6 in Polearms
  3261 | D:4      | Reached XP level 6. HP: 52/52 MP: 8/8
  3440 | D:5      | Entered Level 5 of the Dungeon
  3573 | D:5      | Reached skill level 7 in Polearms
  3658 | D:5      | Found a staircase to the Ecumenical Temple.
  3670 | Temple   | Entered the Ecumenical Temple
  4142 | D:6      | Reached skill level 5 in Fighting
  4142 | D:6      | Reached skill level 8 in Polearms
  4142 | D:6      | Reached XP level 7. HP: 52/61 MP: 9/9
  4331 | D:6      | Reached skill level 9 in Polearms
  4823 | D:6      | Noticed a shadow
  4831 | D:6      | Killed a shadow
  4832 | D:6      | Reached skill level 10 in Polearms
  4934 | D:6      | Reached XP level 8. HP: 29/70 MP: 10/10
  6042 | D:6      | Reached skill level 11 in Polearms
  6662 | D:7      | Found a transporter.
  6663 | D:7      | Noticed a kobold demonologist
  6994 | D:7      | Reached skill level 12 in Polearms
  7038 | D:7      | Found a transporter.
  7119 | D:7      | Reached XP level 9. HP: 76/78 MP: 11/11
  8748 | D:9      | Found a staircase to the Orcish Mines.
  9473 | D:9      | Reached skill level 5 in Armour
  9485 | D:9      | Noticed a boulder beetle
  9504 | Orc:1    | Entered Level 1 of the Orcish Mines
  9504 | Orc:1    | Found Wihamigh's Armour Shop.
  9664 | Orc:1    | Found Kumite's Assorted Antiques.
  9834 | Orc:1    | Bought a bubbling yellow potion for 27 gold pieces
  9834 | Orc:1    | Bought a scroll labelled ZOENAI OGIO for 30 gold pieces
  9834 | Orc:1    | Bought a scroll labelled ZOENAI OGIO for 30 gold pieces
  9977 | Orc:1    | Found a transporter.
  9978 | Orc:1    | Noticed a two-headed ogre
  9979 | Orc:1    | Noticed a two-headed ogre
  9979 | Orc:1    | Noticed Lidduohi's ghost (journeyman TrBe)
  9980 | Orc:1    | Noticed a two-headed ogre
  9981 | Orc:1    | Noticed a two-headed ogre
  9997 | Orc:1    | Noticed an orc sorcerer
  9999 | Orc:1    | Noticed an orc high priest
 10002 | Orc:1    | Noticed a sun demon
 10005 | Orc:1    | Found Hubloykk's Distillery.
 10010 | Orc:1    | Slain by a sun demon

Illustrated notes

Levels and vault maps discovered:
D:1:      ldierk_walled_garden_2, layout_basic,
          hellmonk_ecumenical_altar_arch_garden, minivault_11,
          minmay_misc_feat_iff
D:2:      layout_basic, serial_shops, shop, nrook_campfire, uniq_sigmund
D:3:      layout_loops_ring
D:4:      layout_cave_pools
D:5:      layout_cave_pools, mainiacjoe_overflow_24_doors,
          minmay_temple_entry_large_hall
D:6:      layout_rooms, mainiacjoe_overflow_catwalk,
          mainiacjoe_overflow_catch_the_wave, serial_co_window_serial,
          co_window_of_opportunity_a, co_window_paths_b, co_window_corner_a,
          co_window_of_opportunity_a, co_window_cross_1, co_window_broadway_a,
          co_window_corner_ca, co_window_of_opportunity_c, co_window_corner_b,
          co_window_corner_b, co_window_broadway_b, glass_columns_b,
          glass_columns_a, glass_columns_b, glass_columns_b
D:7:      gammafunk_wand_slinger, layout_basic, nemelex_diamond_rough_becter,
          st_stairs_9
D:8:      layout_basic
D:9:      layout_rooms, mainiacjoe_overflow_alcove_1,
          hangedman_decor_clover_reticule
Temple:   regret_index_temple_sphere_string
Orc:1:    layout_diamond_mine, serial_shops, nicolae_square_shop,
          nicolae_lakefront_shop, nicolae_shop_behind_doors,
          nicolae_shop_waterfront, gammafunk_ghost_smash, nicolae_shop_gadgets

Skill      XL: |  1  2  3  4  5  6  7  8  9 |
---------------+----------------------------+-----
Polearms       | 2 3 5 6 8 10 12 | 12.8
Fighting       | 3 4 5 6 7 |  7.7
Armour         | 3 5 |  5.1
Dodging        | |  0.9
Shields        | |  2.9

Action                   |  1- 3 |  4- 6 |  7- 9 || total
-------------------------+-------+-------+-------++-------
Melee: Trident           |   172 |   101 |   327 ||   600
Throw: Dart              |     7 |    25 |    42 ||    74
       Javelin           |       |       |     8 ||     8
Evoke: Wand              |       |     3 |     7 ||    10
       Box of beasts     |       |       |     1 ||     1
  Use: Scroll            |     7 |     2 |     4 ||    13
       Potion            |     1 |       |       ||     1
Armor: Scale mail        |    55 |    22 |   112 ||   189
Dodge: Dodged            |    42 |    24 |    97 ||   163
Block: Kite shield       |    49 |    23 |   140 ||   212

Table legend: (Time is in decaauts)
 A = Elapsed time spent in this place.
 B = Non-inter-level travel time spent in this place.
 C = Inter-level travel time spent in this place.
 D = Time resting spent in this place.
 E = Time spent auto-exploring this place.
 F = Levels seen in this place.
 G = Mean time per level.
                   A        B        C        D        E       F      G
               +--------+--------+--------+--------+--------+-----+--------+
         Total |  10148 |   9624 |    524 |   3149 |   4571 |  11 |  922.5 |
       Dungeon |   9500 |   8988 |    512 |   2914 |   4288 |   9 | 1055.6 |
        Temple |    142 |    135 |      7 |      0 |    134 |   1 |  142.0 |
  Orcish Mines |    505 |    500 |      5 |    235 |    149 |   1 |  505.0 |
               +--------+--------+--------+--------+--------+-----+--------+

Top non-repeatable levels by time:
     D:7: 2049 daAuts
     D:6: 1668 daAuts
     D:3: 1152 daAuts
     D:8: 1013 daAuts
     D:5: 963 daAuts
     D:1: 837 daAuts
     D:4: 829 daAuts
     D:2: 740 daAuts
   Orc:1: 505 daAuts
     D:9: 244 daAuts
  Temple: 142 daAuts
